2400 views
Uploaded 2021-11-12 19:50:35
Game version 1.32.10
26:35 long 3on3 ladder game on (6)TimbermawHold
Saved by xzz
2400 views
Uploaded 2021-11-12 19:50:35
Game version 1.32.10
26:35 long 3on3 ladder game on (6)TimbermawHold


77 units @ 11.9k
/ 1.5k
48 buildings @ 5.8k
/ 2k


| Ritual Dagger | 1 | 125 |
| Rod of Necromancy | 1 | 150 |
| Potion of Healing | 1 | 150 |
| Scroll of Town Portal | 1 | 350 |
| Potion of Lesser Invulnerability | 1 | 150 |
| total: | 5 | 925g |
| Acolyte | 3 | 225 | / | 0 |
| Ghoul | 14 | 1680 | / | 0 |
| Obsidian Statue | 2 | 400 | / | 70 |
| Abomination | 6 | 1440 | / | 420 |
| Gargoyle | 4 | 700 | / | 120 |
| total: | 29 | 4445g | / | 610w |
| Crypt | 1 | 200 | / | 50 |
| Ziggurat | 5 | 750 | / | 250 |
| Altar of Darkness | 1 | 180 | / | 50 |
| Tomb of Relics | 1 | 130 | / | 30 |
| Graveyard | 1 | 215 | / | 0 |
| Slaughterhouse | 2 | 280 | / | 270 |
| Halls of the Dead | 1 | 320 | / | 210 |
| Black Citadel | 1 | 325 | / | 230 |
| total: | 11 | 1755g | / | 650w |
| 0:03 | Acolyte |
| 0:08 | Crypt |
| 0:10 | Ziggurat |
| 0:14 | Acolyte |
| 0:38 | Altar of Darkness |
| 1:09 | Ghoul |
| 1:13 | Ziggurat |
| 1:23 | Ghoul |
| 1:31 | Tomb of Relics |
| 1:43 | Ghoul |
| 1:55 | Ghoul |
| 2:13 | Ghoul |
| 2:39 | Ghoul |
| 2:44 | Ritual Dagger |
| 2:45 | Rod of Necromancy |
| 3:11 | Sleep |
| 3:24 | Ghoul |
| 3:26 | Halls of the Dead |
| 3:33 | Cannibalize |
| 4:24 | Graveyard |
| 4:26 | Ziggurat |
| 4:28 | Ghoul |
| 4:30 | Ghoul |
| 4:35 | Vampiric Aura |
| 5:36 | Ghoul |
| 6:42 | Slaughterhouse |
| 6:48 | Potion of Healing |
| 6:52 | Slaughterhouse |
| 6:53 | Black Citadel |
| 7:14 | Ghoul |
| 7:15 | Ghoul |
| 7:33 | Vampiric Aura |
| 7:36 | Death Coil |
| 7:44 | Scroll of Town Portal |
| 8:02 | Ghoul |
| 8:15 | Unholy Strength |
| 8:18 | Ghoul |
| 8:46 | Potion of Lesser Invulnerability |
| 8:57 | Obsidian Statue |
| 9:08 | Obsidian Statue |
| 9:41 | Unholy Aura |
| 9:47 | Ziggurat |
| 9:48 | Ziggurat |
| 10:30 | Acolyte |
| 10:47 | Abomination |
| 10:50 | Unholy Armor |
| 11:32 | Abomination |
| 12:11 | Abomination |
| 12:36 | Gargoyle |
| 12:37 | Gargoyle |
| 13:42 | Abomination |
| 13:59 | Gargoyle |
| 14:00 | Gargoyle |
| 14:46 | Abomination |
| 15:10 | Abomination |
| 15:13 | Carrion Swarm |
| 15:15 | Death Coil |
| Select group | 228 |
| Select | 185 |
| Right click | 176 |
| Misc. action | 79 |
| Build/train/purchase | 55 |
| Use ability | 24 |
| Assign group | 11 |
| Minimap ping | 9 |
| Item give/drop | 2 |


| Scroll of Regeneration | 1 | 100 |
| Scroll of Town Portal | 1 | 350 |
| total: | 2 | 450g |
| Peasant | 8 | 600 | / | 0 |
| Footman | 5 | 675 | / | 0 |
| Rifleman | 10 | 2050 | / | 300 |
| Gryphon Rider | 3 | 840 | / | 210 |
| total: | 26 | 4165g | / | 510w |
| Scout Tower | 3 | 90 | / | 60 |
| Guard Tower | 3 | 210 | / | 150 |
| Altar of Kings | 1 | 180 | / | 50 |
| Farm | 8 | 640 | / | 160 |
| Barracks | 1 | 160 | / | 60 |
| Lumber Mill | 1 | 120 | / | 0 |
| Blacksmith | 1 | 140 | / | 60 |
| Arcane Vault | 3 | 390 | / | 90 |
| Gryphon Aviary | 1 | 140 | / | 150 |
| Keep | 1 | 320 | / | 210 |
| Castle | 1 | 360 | / | 210 |
| total: | 19 | 1860g | / | 630w |
| 0:04 | Altar of Kings |
| 0:06 | Peasant |
| 0:06 | Peasant |
| 0:06 | Peasant |
| 0:22 | Farm |
| 0:23 | Barracks |
| 0:46 | Peasant |
| 0:52 | Farm |
| 0:54 | Peasant |
| 0:59 | Peasant |
| 1:24 | Footman |
| 1:28 | Footman |
| 1:41 | Farm |
| 1:50 | Footman |
| 2:03 | Footman |
| 2:10 | Summon Water Elemental |
| 2:28 | Lumber Mill |
| 2:58 | Keep |
| 3:30 | Blacksmith |
| 3:31 | Improved Lumber Harvesting |
| 4:13 | Brilliance Aura |
| 4:31 | Farm |
| 4:36 | Arcane Vault |
| 4:39 | Farm |
| 4:41 | Farm |
| 4:45 | Rifleman |
| 4:45 | Rifleman |
| 4:46 | Rifleman |
| 5:46 | Scout Tower |
| 5:58 | Footman |
| 5:59 | Rifleman |
| 5:59 | Rifleman |
| 5:59 | Rifleman |
| 6:46 | Arcane Vault |
| 6:48 | Guard Tower |
| 7:34 | Peasant |
| 7:34 | Peasant |
| 7:37 | Scout Tower |
| 7:42 | Arcane Vault |
| 7:44 | Long Rifles |
| 7:45 | Rifleman |
| 8:16 | Guard Tower |
| 8:22 | Black Gunpowder |
| 8:24 | Rifleman |
| 8:36 | Thunder Clap |
| 9:09 | Summon Water Elemental |
| 9:29 | Farm |
| 9:35 | Castle |
| 10:07 | Gryphon Aviary |
| 10:14 | Rifleman |
| 10:14 | Rifleman |
| 10:17 | Farm |
| 10:41 | Scroll of Town Portal |
| 11:07 | Iron Plating |
| 11:07 | Iron Forged Swords |
| 11:44 | Scout Tower |
| 12:17 | Storm Hammers |
| 12:17 | Gryphon Rider |
| 12:18 | Gryphon Rider |
| 12:23 | Guard Tower |
| 12:35 | Scroll of Regeneration |
| 13:27 | Gryphon Rider |
| Right click | 1133 |
| Select | 170 |
| Select group | 113 |
| Build/train/purchase | 57 |
| Assign group | 7 |
| Use ability | 4 |
| Minimap ping | 3 |
| Remove unit | 1 |

| Scroll of Regeneration | 3 | 300 |
| Scroll of Town Portal | 1 | 350 |
| total: | 4 | 650g |
| Peasant | 8 | 600 | / | 0 |
| Footman | 7 | 945 | / | 0 |
| Knight | 7 | 1715 | / | 420 |
| total: | 22 | 3260g | / | 420w |
| Altar of Kings | 1 | 180 | / | 50 |
| Farm | 11 | 880 | / | 220 |
| Barracks | 2 | 320 | / | 120 |
| Arcane Vault | 1 | 130 | / | 30 |
| Lumber Mill | 1 | 120 | / | 0 |
| Blacksmith | 1 | 140 | / | 60 |
| Town Hall | 1 | 385 | / | 205 |
| Keep | 1 | 320 | / | 210 |
| Castle | 1 | 360 | / | 210 |
| total: | 18 | 2155g | / | 685w |
| 0:04 | Peasant |
| 0:04 | Peasant |
| 0:08 | Altar of Kings |
| 0:22 | Farm |
| 0:25 | Peasant |
| 0:31 | Peasant |
| 0:31 | Peasant |
| 0:45 | Peasant |
| 0:45 | Peasant |
| 1:24 | Barracks |
| 1:25 | Barracks |
| 1:39 | Farm |
| 1:48 | Farm |
| 1:54 | Peasant |
| 1:57 | Farm |
| 2:13 | Farm |
| 2:17 | Summon Water Elemental |
| 2:27 | Footman |
| 2:39 | Arcane Vault |
| 3:00 | Footman |
| 3:34 | Footman |
| 3:49 | Footman |
| 4:17 | Brilliance Aura |
| 4:26 | Footman |
| 4:38 | Defend |
| 4:59 | Keep |
| 5:48 | Footman |
| 5:48 | Footman |
| 6:09 | Scroll of Regeneration |
| 6:09 | Scroll of Regeneration |
| 6:09 | Scroll of Regeneration |
| 6:57 | Lumber Mill |
| 7:00 | Blacksmith |
| 8:19 | Summon Water Elemental |
| 8:31 | Iron Forged Swords |
| 8:32 | Iron Plating |
| 8:33 | Castle |
| 8:37 | Farm |
| 8:38 | Farm |
| 8:39 | Farm |
| 8:40 | Farm |
| 8:41 | Farm |
| 8:55 | Scroll of Town Portal |
| 9:06 | Farm |
| 9:37 | Steel Forged Swords |
| 10:37 | Town Hall |
| 10:51 | Steel Plating |
| 10:55 | Animal War Training |
| 11:05 | Knight |
| 11:20 | Knight |
| 11:50 | Knight |
| 11:50 | Knight |
| 12:10 | Knight |
| 12:40 | Knight |
| 13:22 | Knight |
| Select group | 654 |
| Right click | 399 |
| Select | 258 |
| Misc. action | 152 |
| Build/train/purchase | 65 |
| Assign group | 22 |
| Minimap ping | 4 |
| Use ability | 2 |
117 units @ 15.4k
/ 1.8k
57 buildings @ 8.4k
/ 3.2k

| Lesser Clarity Potion | 2 | 140 |
| Scroll of Town Portal | 2 | 700 |
| Boots of Speed | 1 | 250 |
| Circlet of Nobility | 3 | 525 |
| total: | 8 | 1615g |
| Wisp | 20 | 1200 | / | 0 |
| Archer | 17 | 2210 | / | 170 |
| Hippogryph | 7 | 1120 | / | 140 |
| Green Dragon | 2 | 1490 | / | 400 |
| Green Drake | 1 | 365 | / | 80 |
| total: | 47 | 6385g | / | 790w |
| Altar of Elders | 1 | 180 | / | 50 |
| Moon Well | 8 | 1440 | / | 320 |
| Ancient of War | 2 | 300 | / | 120 |
| Hunter's Hall | 1 | 210 | / | 100 |
| Ancient of Wonders | 1 | 90 | / | 30 |
| Ancient of Wind | 2 | 300 | / | 280 |
| Ancient of Lore | 2 | 310 | / | 290 |
| Tree of Ages | 1 | 320 | / | 180 |
| Tree of Eternity | 1 | 330 | / | 200 |
| total: | 17 | 2830g | / | 1190w |
| 0:07 | Wisp |
| 0:07 | Wisp |
| 0:11 | Altar of Elders |
| 0:14 | Moon Well |
| 0:38 | Wisp |
| 0:57 | Wisp |
| 1:05 | Ancient of War |
| 1:17 | Wisp |
| 1:23 | Moon Well |
| 1:41 | Wisp |
| 1:52 | Wisp |
| 2:05 | Wisp |
| 2:13 | Archer |
| 2:21 | Shadow Strike |
| 2:24 | Wisp |
| 2:54 | Archer |
| 2:56 | Tree of Ages |
| 2:58 | Archer |
| 3:21 | Archer |
| 3:52 | Boots of Speed |
| 3:57 | Archer |
| 4:03 | Moon Well |
| 4:17 | Blink |
| 4:23 | Hunter's Hall |
| 5:08 | Archer |
| 5:10 | Archer |
| 6:13 | Shadow Strike |
| 6:45 | Archer |
| 6:48 | Ancient of War |
| 6:50 | Ancient of Wind |
| 6:53 | Ancient of Wind |
| 6:57 | Moon Well |
| 6:59 | Wisp |
| 6:59 | Wisp |
| 7:43 | Ancient of Wonders |
| 7:47 | Archer |
| 7:48 | Archer |
| 7:56 | Archer |
| 7:58 | Hippogryph |
| 8:49 | Archer |
| 8:50 | Improved Bows |
| 8:51 | Hippogryph |
| 9:21 | Moon Well |
| 9:26 | Hippogryph |
| 9:29 | Archer |
| 9:43 | Strength of the Moon |
| 9:50 | Lesser Clarity Potion |
| 9:53 | Lesser Clarity Potion |
| 10:14 | Blink |
| 10:32 | Scroll of Town Portal |
| 10:47 | Hippogryph |
| 11:17 | Hippogryph |
| 13:13 | Ancient of Lore |
| 13:16 | Ancient of Lore |
| 13:27 | Improved Strength of the Moon |
| 13:27 | Moon Armor |
| 13:33 | Hippogryph |
| 13:43 | Shadow Strike |
| 13:53 | Archer |
| 14:43 | Scroll of Town Portal |
| 15:44 | Moon Well |
| 15:47 | Moon Well |
| 15:47 | Moon Well |
| 15:53 | Wisp |
| 15:53 | Wisp |
| 15:53 | Wisp |
| 16:53 | Archer |
| 16:55 | Hippogryph |
| 16:58 | Tree of Eternity |
| 17:25 | Improved Moon Armor |
| 18:36 | Spirit of Vengeance |
| 18:53 | Green Dragon |
| 18:54 | Green Drake |
| 19:15 | Archer |
| 19:16 | Archer |
| 19:27 | Well Spring |
| 19:32 | Marksmanship |
| 19:57 | Wisp |
| 19:57 | Wisp |
| 19:57 | Wisp |
| 20:32 | Hardened Skin |
| 20:36 | Wisp |
| 20:36 | Wisp |
| 20:36 | Wisp |
| 21:37 | Green Dragon |
| 22:34 | Circlet of Nobility |
| 22:59 | Circlet of Nobility |
| 25:08 | Circlet of Nobility |
| Right click | 770 |
| Select | 409 |
| Select group | 129 |
| Chat | 102 |
| Build/train/purchase | 92 |
| Use ability | 49 |
| Assign group | 34 |
| Misc. action | 7 |
| Minimap ping | 3 |
| Item give/drop | 2 |
| Remove unit | 1 |



| Peasant | 16 | 1200 | / | 0 |
| Footman | 10 | 1350 | / | 0 |
| Knight | 7 | 1715 | / | 420 |
| Priest | 7 | 945 | / | 70 |
| total: | 40 | 5210g | / | 490w |
| Scout Tower | 5 | 150 | / | 100 |
| Arcane Tower | 2 | 140 | / | 100 |
| Guard Tower | 2 | 140 | / | 100 |
| Altar of Kings | 1 | 180 | / | 50 |
| Farm | 13 | 1040 | / | 260 |
| Barracks | 2 | 320 | / | 120 |
| Arcane Vault | 1 | 130 | / | 30 |
| Town Hall | 1 | 385 | / | 205 |
| Lumber Mill | 1 | 120 | / | 0 |
| Blacksmith | 1 | 140 | / | 60 |
| Arcane Sanctum | 1 | 150 | / | 140 |
| Keep | 1 | 320 | / | 210 |
| Castle | 1 | 360 | / | 210 |
| total: | 26 | 2615g | / | 965w |
| 0:03 | Peasant |
| 0:03 | Peasant |
| 0:10 | Altar of Kings |
| 0:17 | Peasant |
| 0:35 | Farm |
| 0:36 | Farm |
| 0:39 | Peasant |
| 1:03 | Barracks |
| 1:05 | Peasant |
| 1:13 | Scout Tower |
| 1:17 | Peasant |
| 1:27 | Farm |
| 1:29 | Peasant |
| 1:44 | Arcane Vault |
| 1:50 | Peasant |
| 2:00 | Arcane Tower |
| 2:01 | Peasant |
| 2:08 | Footman |
| 2:13 | Peasant |
| 2:20 | Farm |
| 2:26 | Summon Water Elemental |
| 2:35 | Footman |
| 2:51 | Footman |
| 2:52 | Peasant |
| 3:13 | Peasant |
| 3:14 | Peasant |
| 3:48 | Brilliance Aura |
| 3:50 | Keep |
| 3:57 | Farm |
| 4:05 | Footman |
| 4:11 | Defend |
| 4:38 | Farm |
| 4:38 | Farm |
| 5:08 | Town Hall |
| 5:18 | Scout Tower |
| 5:18 | Scout Tower |
| 5:26 | Lumber Mill |
| 5:50 | Footman |
| 6:10 | Footman |
| 6:13 | Summon Water Elemental |
| 6:41 | Guard Tower |
| 6:42 | Arcane Tower |
| 6:44 | Footman |
| 6:47 | Blacksmith |
| 7:10 | Footman |
| 7:13 | Castle |
| 7:16 | Peasant |
| 7:16 | Peasant |
| 7:20 | Scout Tower |
| 7:21 | Scout Tower |
| 8:24 | Footman |
| 8:31 | Guard Tower |
| 8:37 | Arcane Sanctum |
| 8:55 | Iron Plating |
| 8:55 | Iron Forged Swords |
| 9:07 | Thunder Clap |
| 9:14 | Footman |
| 9:21 | Barracks |
| 9:23 | Improved Lumber Harvesting |
| 9:25 | Improved Masonry |
| 9:35 | Knight |
| 9:41 | Farm |
| 9:42 | Farm |
| 9:42 | Farm |
| 9:53 | Knight |
| 9:55 | Priest |
| 9:55 | Priest |
| 10:07 | Priest |
| 10:07 | Priest Adept Training |
| 10:08 | Steel Plating |
| 10:13 | Peasant |
| 10:40 | Animal War Training |
| 10:45 | Farm |
| 10:45 | Farm |
| 11:00 | Knight |
| 11:11 | Bash |
| 11:17 | Brilliance Aura |
| 11:42 | Knight |
| 12:21 | Flame Strike |
| 12:23 | Steel Forged Swords |
| 12:25 | Knight |
| 12:26 | Priest |
| 12:47 | Priest Master Training |
| 13:46 | Thunder Clap |
| 13:50 | Mithril Plating |
| 13:51 | Knight |
| 13:52 | Priest |
| 13:54 | Priest |
| 13:58 | Farm |
| 13:59 | Advanced Masonry |
| 14:03 | Siphon Mana |
| 14:43 | Knight |
| 14:44 | Priest |
| 15:14 | Mithril Forged Swords |
| 15:20 | Summon Water Elemental |
| Right click | 541 |
| Select group | 232 |
| Select | 219 |
| Build/train/purchase | 103 |
| Chat | 55 |
| Assign group | 40 |
| Misc. action | 24 |
| Minimap ping | 24 |
| Use ability | 8 |
| Remove unit | 4 |


| Peon | 9 | 675 | / | 0 |
| Troll Headhunter | 15 | 2100 | / | 300 |
| Demolisher | 3 | 660 | / | 150 |
| Shaman | 3 | 390 | / | 60 |
| total: | 30 | 3825g | / | 510w |
| Orc Burrow | 6 | 960 | / | 240 |
| Altar of Storms | 1 | 180 | / | 50 |
| War Mill | 1 | 205 | / | 0 |
| Barracks | 1 | 180 | / | 50 |
| Voodoo Lounge | 1 | 130 | / | 30 |
| Great Hall | 3 | 1155 | / | 555 |
| Spirit Lodge | 1 | 150 | / | 150 |
| Stronghold | 2 | 630 | / | 380 |
| Fortress | 1 | 325 | / | 190 |
| total: | 14 | 2960g | / | 1075w |
| 0:04 | Peon |
| 0:04 | Peon |
| 0:04 | Peon |
| 0:04 | Peon |
| 0:21 | Orc Burrow |
| 0:39 | Altar of Storms |
| 0:52 | War Mill |
| 1:07 | Peon |
| 1:07 | Peon |
| 1:15 | Barracks |
| 2:03 | Orc Burrow |
| 2:04 | Peon |
| 2:05 | Peon |
| 2:13 | Voodoo Lounge |
| 2:20 | Troll Headhunter |
| 2:25 | Troll Headhunter |
| 2:46 | Shockwave |
| 2:55 | Spiked Barricades |
| 2:57 | Peon |
| 3:00 | Troll Headhunter |
| 3:26 | Troll Headhunter |
| 3:27 | Troll Headhunter |
| 3:29 | Steel Ranged Weapons |
| 3:43 | Troll Headhunter |
| 3:59 | Stronghold |
| 4:18 | Troll Headhunter |
| 4:42 | Endurance Aura |
| 5:14 | Orc Burrow |
| 5:21 | Orc Burrow |
| 5:26 | Steel Armor |
| 6:08 | Troll Headhunter |
| 6:24 | Troll Headhunter |
| 6:24 | Troll Regeneration |
| 6:26 | Fortress |
| 7:02 | Troll Headhunter |
| 7:18 | Troll Headhunter |
| 7:35 | Shockwave |
| 7:46 | Troll Headhunter |
| 8:13 | Troll Headhunter |
| 8:44 | Endurance Aura |
| 8:45 | Troll Headhunter |
| 8:48 | Berserker Upgrade |
| 8:49 | Troll Headhunter |
| 8:50 | Thorium Ranged Weapons |
| 9:18 | Reinforced Defenses |
| 9:18 | Improved Spiked Barricades |
| 9:34 | Spirit Lodge |
| 10:05 | Great Hall |
| 10:31 | Great Hall |
| 10:35 | Great Hall |
| 10:41 | Healing Wave |
| 10:53 | Shaman Adept Training |
| 10:56 | Arcanite Ranged Weapons |
| 11:38 | Burning Oil |
| 11:40 | Demolisher |
| 11:40 | Demolisher |
| 11:40 | Demolisher |
| 12:43 | Hex |
| 12:56 | Shaman Master Training |
| 12:56 | Shaman |
| 12:56 | Shaman |
| 12:57 | Shaman |
| 13:42 | Shockwave |
| 13:55 | Healing Wave |
| 14:14 | Orc Burrow |
| 14:16 | Orc Burrow |
| Right click | 586 |
| Select group | 401 |
| Select | 152 |
| Build/train/purchase | 56 |
| Assign group | 25 |
| Use ability | 24 |
| Chat | 11 |
| Resource trade | 5 |
| Minimap ping | 3 |
| Remove unit | 1 |
⇛